 Dungeon Crawl Stone Soup version 0.26-a0-642-g67e99244d3 (webtiles) character file.

Game seed: 7967389995536978645

700 MrRokkomies the Conjurer (level 7, -9/40 HPs)
             Began as a Deep Elf Conjurer on Sept 21, 2020.
             Mangled by an orc warrior
             ... wielding a +0 mace
              (16 damage)
             ... on level 4 of the Dungeon.
             The game lasted 00:06:59 (4051 turns).

MrRokkomies the Conjurer (Deep Elf Conjurer)        Turns: 4051, Time: 00:07:00

Health: -9/40      AC:  4    Str:  4    XL:     7   Next: 38%
Magic:  12/16      EV: 15    Int: 25    God:
Gold:   149        SH:  0    Dex: 13    Spells: 5/16 levels left

rFire    . . .     SeeInvis .   u - +2 rapier (venom)
rCold    . . .     Faith    +   (no shield)
rNeg     . . .     Spirit   .   a - +0 robe
rPois    .         Reflect  .   (no helmet)
rElec    .         Harm     .   (no cloak)
rCorr    .         Rampage  .   q - +1 pair of gloves
MR       .....                  (no boots)
Stlth    ++........             f - amulet of faith
HPRegen  0.13/turn              m - ring of wizardry
MPRegen  0.15/turn              (no ring)

@: about to teleport
A: no striking features
a: no special abilities


You were on level 4 of the Dungeon.
You visited 1 branch of the dungeon, and saw 4 of its levels.

You collected 149 gold pieces.

Inventory:

Hand Weapons
 u - a +2 rapier of venom (weapon)
Missiles
 o - 31 poisoned darts (quivered)
Armour
 a - a +0 robe (worn)
 q - a +1 pair of gloves (worn)
Jewellery
 f - an amulet of faith (around neck)
 m - a ring of wizardry (left hand)
Scrolls
 e - a scroll of amnesia
 g - 5 scrolls of remove curse
 i - 3 scrolls of teleportation
 r - a scroll of identify
 s - a scroll of immolation {unknown}
 t - a scroll of blinking {unknown}
Potions
 b - 2 potions of flight
 c - a potion of resistance
 d - a potion of might
 h - 2 potions of magic
 j - a potion of heal wounds {unknown}
 k - 2 potions of degeneration {unknown}
 l - a potion of ambrosia {unknown}
 p - 2 potions of cancellation {unknown}


   Skills:
 + Level 2.4 Fighting
 * Level 6.3 Dodging
 - Level 2.4 Stealth
 - Level 5.0 Spellcasting
 * Level 6.7 Conjurations


You had 5 spell levels left.
You knew the following spells:

 Your Spells              Type           Power        Failure   Level
a - Magic Dart            Conj           ####         1%          1
b - Searing Ray           Conj           #####.       1%          2
c - Fulminant Prism       Conj/Hex       ###.......   9%          4
d - Iskenderun's Mystic   Conj/Tloc      ###.....     9%          4

Your spell library contained the following spells:

 Spells                   Type           Power        Failure   Level
 Dazzling Flash           Conj/Hex       ###...       2%          3


Dungeon Overview and Level Annotations

Branches:
Dungeon (4/15)
 Temple: D:4-7

Altars:
Elyvilon
Qazlal

Annotations:
D:3 2 transporters, lilly's ghost, amateur MiMo
D:4 1 runed translucent door, Crazy Yiuf


Message History

The phantom is lightly damaged. (Press . to maintain the ray.)
The orc warrior shouts!
The searing ray misses the orc warrior.
The searing ray hits the phantom!
The phantom is moderately damaged.
The orc warrior hits you with a +0 mace!
The searing ray hits the orc warrior but does no damage.
The searing ray hits the phantom.
The phantom is moderately damaged.
The phantom blinks!
Your line of fire to the phantom is blocked by a granite statue.
Continue anyway?
Okay, then.
You stop channeling your searing ray.
The orc warrior hits you with a +0 mace!!
Ouch! That really hurt!
* * * LOW HITPOINT WARNING * * *
As you read the scroll of teleportation, it crumbles to dust.
You feel strangely unstable.
The orc warrior hits you with a +0 mace!
You die...

#....# #....... ########.##.#####
###..... #...............# ###...
#.####.....####.# #... #.#
##...##.!#.# ###... #.#
##.##...#.#####..### ########.##
#.#s..##.##....## # #.........##
+#.#o.##........#
......#....###..@###....#.##.## #
..#...>.......W8........#.##..###
..#####)...###...###...##........
.5#####...## +#.#+ ##..#####.....
.Z.......## #.# ##.# #...###
########.# ##.## #.# #...# #
####.# ##...## #.# #...# #
#....####.....####.# #.... ###
#..................####...###


You could see a phantom, an orc warrior and a scorpion.

Vanquished Creatures
  Sigmund (D:2)
  Eustachio (D:4)
  An ogre (D:4)
  2 orc priests
  An iguana (D:4)
  A worker ant (D:4)
  3 gnolls (D:4)
  7 adders
  3 adder skeletons (D:4)
  A worm (D:2)
  2 dart slugs
  4 leopard geckos
  9 orcs
  8 bats
  4 giant cockroaches
  4 goblins
  6 hobgoblins
  7 jackals
  10 kobolds
  A quokka (D:2)
  5 frilled lizards
  10 rats
91 creatures vanquished.

Notes
Turn   | Place    | Note
-------+----------+-------------------------------------------
     0 | D:1      | MrRokkomies the Deep Elf Conjurer began the quest for the
                  | Orb.
     0 | D:1      | Reached XP level 1. HP: 10/10 MP: 6/6
   203 | D:1      | Reached XP level 2. HP: 15/15 MP: 6/8
   232 | D:1      | Learned a level 2 spell: Searing Ray
   856 | D:1      | Found a white marble altar of Elyvilon.
   897 | D:2      | Noticed Sigmund
   901 | D:2      | Killed Sigmund
   901 | D:2      | Reached skill level 1 in Fighting
   901 | D:2      | Reached skill level 5 in Conjurations
   901 | D:2      | Reached XP level 3. HP: 20/20 MP: 4/10
   901 | D:2      | Reached XP level 4. HP: 25/25 MP: 4/12
   901 | D:2      | Reached XP level 5. HP: 29/29 MP: 4/13
  1977 | D:3      | Found a stormy altar of Qazlal.
  2205 | D:3      | Reached XP level 6. HP: 33/35 MP: 14/14
  2469 | D:3      | Found a transporter.
  2521 | D:3      | Reached skill level 5 in Dodging
  2656 | D:3      | Found a transporter.
  2661 | D:3      | Noticed lilly's ghost (amateur MiMo)
  3078 | D:4      | Learned a level 4 spell: Fulminant Prism
  3083 | D:4      | Learned a level 4 spell: Iskenderun's Mystic Blast
  3094 | D:4      | Found a runed translucent door.
  3095 | D:4      | Noticed Crazy Yiuf
  3525 | D:4      | Identified the cursed +1 plate armour of the Iron City of
                  | Dis {rPois Int+3}
  3676 | D:4      | Reached XP level 7. HP: 40/40 MP: 12/16
  3726 | D:4      | Noticed Eustachio
  3745 | D:4      | Killed Eustachio
  3745 | D:4      | Reached skill level 5 in Spellcasting
  4051 | D:4      | Mangled by an orc warrior

Illustrated notes

Levels and vault maps discovered:
D:1:      dpeg_arrival_orchard, layout_loops_ring, kennysheep_flooded_box
D:2:      layout_basic, uniq_sigmund
D:3:      layout_basic, grunt_qazlal_clouds, serial_curves, eino_curves_02,
          eino_curves_03, gammafunk_ghost_arena
D:4:      cheibrodos_barr_body, layout_loops_cross,
          nicolae_overflow_hidden_temple, uniq_crazy_yiuf_cottage,
          uniq_eustachio

Skill      XL: |  1  2  3  4  5  6  7 |
---------------+----------------------+-----
Dodging        | 4 5 6 |  6.3
Fighting       | 1 2 |  2.4
Spellcasting   | 4 5 |  5.0
Conjurations   | 5 6 |  6.7
Stealth        | |  2.4

Action                   |  1- 3 |  4- 6 |  7- 9 || total
-------------------------+-------+-------+-------++-------
Melee: Short sword       |       |    28 |       ||    28
Throw: Dart              |       |     9 |       ||     9
 Cast: Magic Dart        |    34 |    90 |       ||   124
       Searing Ray       |     1 |     9 |     6 ||    16
       Iskenderun's Myst |       |     2 |       ||     2
  Use: Scroll            |     3 |     6 |     1 ||    10
 Stab: Sleeping          |       |     1 |       ||     1
Armor: Robe              |     1 |    17 |     5 ||    23
Dodge: Dodged            |     3 |    26 |    17 ||    46

Table legend: (Time is in decaauts)
 A = Elapsed time spent in this place.
 B = Non-inter-level travel time spent in this place.
 C = Inter-level travel time spent in this place.
 D = Time resting spent in this place.
 E = Time spent auto-exploring this place.
 F = Levels seen in this place.
 G = Mean time per level.
                   A        B        C        D        E       F      G
               +--------+--------+--------+--------+--------+-----+--------+
         Total |   4050 |   3994 |     56 |      4 |   3538 |   4 | 1012.5 |
       Dungeon |   4050 |   3994 |     56 |      4 |   3538 |   4 | 1012.5 |
               +--------+--------+--------+--------+--------+-----+--------+

Top non-repeatable levels by time:
     D:4: 1106 daAuts
     D:2: 1070 daAuts
     D:3: 977 daAuts
     D:1: 896 daAuts
